 Dungeon Crawl Stone Soup version 0.28.0 (webtiles) character file.

Game seed: 16314654568480295357

142155 freelancePsychic the Severer (level 16, -14/162 HPs)
             Began as a Minotaur Berserker on Feb 12, 2022.
             Was a High Priest of Trog.
             Demolished by a merfolk impaler (27 damage)
             ... on level 1 of the Shoals.
             The game lasted 01:08:00 (32221 turns).

freelancePsychic the Severer (Minotaur Berserker)  Turns: 32221, Time: 01:08:00

Health: -14/162    AC: 21    Str: 26 (27) XL:     16   Next: 79%
Magic:  15/15      EV: 16    Int:  3 (4)  God:    Trog [*****.]
Gold:   1200       SH:  0    Dex: 17      Spells: 15/15 levels left

rFire   + . .      SeeInvis .   a - +3 battleaxe (vorpal)
rCold   + + .      Faith    .   (shield currently unavailable)
rNeg    . . .      Spirit   .   L - +6 scale mail of the Kettle-Drum {Regen+}
rPois   +          Reflect  .   S - +0 hat of Yttigook {rPois}
rElec   .          Harm     .   w - +2 cloak {rC+}
rCorr   .          Rampage  .   Z - +0 pair of gloves
Will    ++++.                   m - +0 pair of boots
Stlth   ..........              U - amulet "Ofexkug" {Will+ Regen+ Str+4}
HPRegen 2.97/turn               T - ring of protection from fire
MPRegen 0.14/turn               C - ring of protection from cold

@: strong-willed (expiring), regenerating (expiring)
A: horns 2, retaliatory headbutt
a: Renounce Religion, Berserk, Trog's Hand, Brothers in Arms


You were on level 1 of the Shoals.
You worshipped Trog.
Trog was extremely pleased with you.
You visited 5 branches of the dungeon, and saw 27 of its levels.
You also visited: Gauntlet and Ice Cave.

You collected 2372 gold pieces.
You spent 1172 gold pieces at shops.

Inventory:

Hand Weapons
 a - a +3 vorpal battleaxe (weapon)
 b - a +0 arbalest
Missiles
 M - 571 bolts
Armour
 m - a +0 pair of boots (worn)
 w - a +2 cloak of cold resistance (worn)
 L - the +6 scale mail of the Kettle-Drum (worn) {Regen+}
   (You took it off a minotaur in a Gauntlet)

   Regen:     It increases your rate of health regeneration.
 S - the +0 hat of Yttigook (worn) {rPois}
   (You found it in a Gauntlet)

   rPois:     It protects you from poison.
 Z - a +0 pair of gloves (worn)
Jewellery
 C - a ring of protection from cold (right hand)
 T - a ring of protection from fire (left hand)
 U - the amulet "Ofexkug" (around neck) {Will+ Regen+ Str+4}
   (You bought it in a shop on level 2 of the Orcish Mines)

   [amulet of regeneration]

   Str:       It affects your strength (+4).
   Regen:     It increases your rate of health regeneration.
   Will:      It increases your willpower.
Wands
 g - a wand of charming (2)
 r - a wand of flame (12)
 y - a wand of polymorph (27)
 B - a wand of mindburst (9)
 F - a wand of acid (17)
 G - a wand of paralysis (2)
 Q - a wand of digging (22)
Scrolls
 c - 5 scrolls of fog
 f - 2 scrolls of summoning
 j - 4 scrolls of noise {unknown}
 n - 8 scrolls of blinking
 p - 7 scrolls of enchant weapon {unknown}
 q - 11 scrolls of magic mapping
 s - 19 scrolls of teleportation {unknown}
 v - 19 scrolls of identify {@r1}
 x - 4 scrolls of torment {unknown}
 A - 5 scrolls of immolation
 D - 8 scrolls of enchant armour
 H - 5 scrolls of vulnerability {unknown}
 K - 2 scrolls of amnesia {unknown}
 N - 4 scrolls of silence {unknown}
 V - 2 scrolls of fear {unknown}
 W - 3 scrolls of brand weapon {unknown}
Potions
 d - a potion of magic {unknown}
 e - 10 potions of ambrosia
 h - 5 potions of haste {unknown}
 i - 3 potions of mutation {unknown}
 l - 9 potions of curing {unknown}
 t - 5 potions of lignification {unknown}
 z - 9 potions of heal wounds {unknown}
 E - 4 potions of attraction {unknown}
 I - a potion of berserk rage {unknown}
 J - 4 potions of invisibility {unknown}
 O - a potion of degeneration {unknown}
 R - 7 potions of brilliance {unknown}
 X - 6 potions of might {unknown}
 Y - a potion of flight {unknown}
Miscellaneous
 o - a phial of floods (inert)
 u - a condenser vane (inert)
 P - a phantom mirror


   Skills:
 + Level 19.7 Fighting
 - Level 20.0 Axes
 - Level 6.4 Bows
 * Level 15.0 Crossbows
 - Level 4.2 Throwing
 + Level 11.8 Armour
 - Level 10.6 Dodging
 - Level 7.8 Evocations


You had 15 spell levels left.
You didn't know any spells.
Your spell library was empty.

Dungeon Overview and Level Annotations

Branches:
Dungeon (15/15)            Temple (0/1) D:7            Lair (6/6) D:11
 Shoals (1/4) Lair:2       Spider (3/4) Lair:4        Slime (0/5) Lair:5
    Orc (2/2) D:11            Elf (0/3) Orc:2        Vaults (0/5) D:13
 Depths (0/4) D:15          IceCv (visited)         Gauntlet (visited)

Altars:
Ashenzari
Elyvilon
Fedhas
Hepliaklqana
Kikubaaqudgha
Okawaru
Qazlal
Trog
Uskayaw
Vehumet
Xom
Zin
The Shining One
Beogh

Shops:
D:5 *   D:6 :   D:11 [   D:12 :   Orc:2 :?=(

Annotations:
Shoals:1 1 transporter, Frances; Jorgrun; Nikola; arthad's ghost, adept VSFi
Spider:3 Roxanne


Innate Abilities, Weirdness & Mutations

You have a pair of horns on your head.
You reflexively headbutt those who attack you in melee.


Message History

The merfolk impaler is engulfed in freezing vapours.
The merfolk impaler misses you.
Your ogre hits the merfolk impaler with a +0 giant spiked club!
The merfolk impaler is engulfed in freezing vapours.
The merfolk impaler hits you from afar with a +2 vorpal trident!
The merfolk impaler is engulfed in freezing vapours.
The merfolk impaler hits you from afar with a +0 trident of protection!
The merfolk impaler is engulfed in freezing vapours.
The merfolk impaler hits you from afar with a +2 vorpal trident!
Your ogre closely misses the merfolk impaler.
The merfolk impaler is engulfed in freezing vapours.
The merfolk impaler hits you from afar with a +0 trident of protection.
The merfolk impaler is engulfed in freezing vapours.
The merfolk impaler hits you from afar with a +2 vorpal trident!!
* * * LOW HITPOINT WARNING * * *
x2 The merfolk impaler is engulfed in freezing vapours.
The merfolk impaler closely misses you.
The merfolk impaler is engulfed in freezing vapours.
The merfolk impaler hits you from afar with a +0 trident of protection.
* * * LOW HITPOINT WARNING * * *
Your ogre misses the merfolk impaler.
The merfolk impaler is engulfed in freezing vapours.
The merfolk impaler hits you from afar with a +2 vorpal trident!!
* * * LOW HITPOINT WARNING * * *
x2 The merfolk impaler is engulfed in freezing vapours.
The merfolk impaler hits you but does no damage.
That's the wrong kind of item! (Use * to select it.) Evoke which item? (* to show all) (? for menu, Esc to quit)
Okay, then.
Unknown command.
Okay, then.
The merfolk impaler is engulfed in freezing vapours.
The merfolk impaler misses you.
Your ogre closely misses the merfolk impaler.
The moth of wrath is engulfed in freezing vapours.
The moth of wrath goads the merfolk impaler on!
The merfolk impaler goes berserk!
The merfolk impaler is engulfed in freezing vapours.
The merfolk impaler hits you from afar with a +2 vorpal trident!!
You die...

≈≈≈≈≈≈≈≈≈≈≈≈≈≈≈≈≈....#.......
P≈≈≈≈≈≈≈≈≈≈≈≈≈≈≈.≈...........
≈≈≈≈≈≈≈≈≈≈≈≈≈≈≈≈≈≈≈).≈......
≈≈≈≈≈≈≈≈≈≈≈≈≈≈≈≈≈≈≈≈......## ..
≈≈≈≈≈≈≈≈≈≈≈≈≈≈≈..≈.......≈.##.>
P≈≈≈.≈≈≈≈≈≈.≈≈≈......≈≈.≈≈.≈≈.#
≈≈≈≈.≈≈.......[.@©.≈.≈.≈≈≈≈≈≈##.
≈≈≈...)........#####≈...≈≈≈≈≈...
≈≈...........###@§§###.≈≈≈≈≈≈≈..
............## #.Om§.##.≈≈≈≈≈≈.#
............# .###my..#.≈≈≈≈...#
≈.....)[...##..# #.§..##..≈..#.#
≈..........#..W#..[....#≈[...#.#
†..........#..../_?###.#≈......#
..........[#..##|:.≈ #.#≈.≈≈...#
...........##.# #..##.##≈.≈≈≈...
............#####..#.##.≈≈≈≈≈...


You could see Frances, 2 merfolk impalers, a moth of wrath and a friendly ogre
(summoned, berserk).

Vanquished Creatures
  Rupert (D:12)
  3 emperor scorpions
  Aizul (Spider:1)
  3 ghost moths (Spider:3)
  A quicksilver ooze (Gauntlet)
  The ghost of MolotovDodgeball the Brawler, a journeyman TrBr of Ru (Lair:6)
  3 entropy weavers
  A minotaur (Gauntlet)
  3 spark wasps
  A fire dragon (D:14)
  A boulder beetle (D:11)
  An ogre mage (D:14)
  A jorogumo (Spider:2)
  8 hydras
  2 ironbound frosthearts (IceCv)
  A merfolk avatar (Shoals:1)
  Erica (D:8)
  3 centaur warriors (D:15)
  3 catoblepae
  A death knight (D:14)
  A merfolk aquamancer (Shoals:1)
  2 tengu warriors (D:15)
  5 two-headed ogres
  7 death yaks
  A shock serpent (shapeshifter) (D:14)
  A fire crab (Lair:4)
  A goliath frog (Lair:6)
  4 pharaoh ants
  A sixfirhy (Gauntlet)
  8 skeletal warriors
  A sea snake (Shoals:1)
  5 steelbarb worms
  An orb spider (Spider:2)
  Pikel (D:6)
  A deep elf archer (D:14)
  2 necromancers (D:13)
  3 harpies (Shoals:1)
  An orc knight (D:15)
  2 deep elf pyromancers
  2 orc sorcerers
  10 wolf spiders
  3 cyclopes
  4 slime creatures (D:15)
  9 ugly things
  5 manticores
  An ice statue (IceCv)
  7 elephants
  A moth of wrath (Spider:1)
  3 torpor snails
  A smoke demon (Gauntlet)
  A merfolk siren (Shoals:1)
  2 black mambas
  An unseen horror (D:8)
  2 gargoyles
  24 cane toads
  7 demonic crawlers
  3 rime drakes
  A tengu conjurer (D:15)
  14 komodo dragons
  A red devil (Gauntlet)
  2 freezing wraiths
  5 trolls
  A queen bee (Lair:4)
  9 meliai
  A polar bear (shapeshifter) (D:14)
  3 tyrant leeches (Lair:6)
  11 polar bears
  The ghost of dolemite99 the Skirmisher, an amateur DsBe of Trog (D:6)
  18 tarantellas
  2 wind drakes (Shoals:1)
  Grinder (D:3)
  20 blink frogs
  A snapping turtle (Shoals:1)
  A culicivora (shapeshifter) (D:14)
  12 jumping spiders
  Sigmund (D:3)
  15 culicivoras
  A centaur simulacrum (D:15)
  4 water elementals (Shoals:1)
  6 wyverns
  5 wraiths
  3 shadows (D:11)
  2 vampires
  47 yaks
  35 redbacks
  9 vampire mosquitoes
  4 basilisks
  3 wargs
  Menkaure (D:4)
  4 acid dragons
  11 water moccasins
  25 orc warriors
  A swamp drake (D:11)
  A sky beast (D:7)
  2 black bears
  An ice beast (D:7)
  7 ogres
  23 wolves
  27 centaurs
  3 lemures (D:6)
  3 kobold brigands
  2 gnoll sergeants (D:10)
  16 bullfrogs
  Blork the orc (D:6)
  A scorpion (D:5)
  A wyvern skeleton (D:7)
  3 wights (D:8)
  21 killer bees (Lair:4)
  5 howler monkeys
  9 electric eels
  3 crimson imps (Gauntlet)
  2 bullfrog zombies
  Crazy Yiuf (D:3)
  Ijyb (D:3)
  9 orc priests
  3 hounds
  3 iguanas
  3 jellies
  2 hell rats (Lair:3)
  Natasha (D:2)
  10 orc wizards
  A howler monkey zombie (D:9)
  Robin (D:4)
  8 adders
  13 gnolls
  6 river rats (Lair:3)
  A shadow imp (D:6)
  13 white imps
  3 ufetubi
  An adder skeleton (D:4)
  4 worms (D:2)
  3 dart slugs
  63 orcs
  3 ball pythons
  11 endoplasms
  2 giant cockroaches (D:1)
  12 goblins
  12 hobgoblins
  3 jackals (D:3)
  8 quokkas
  6 bats
  2 frilled lizards
  24 kobolds
  9 rats
828 creatures vanquished.

Vanquished Creatures (collateral kills)
  A dire elephant (D:15)
  A merfolk impaler (Shoals:1)
  5 hydras
  A radroach (Spider:3)
  A two-headed ogre (D:11)
  2 orc knights (Orc:2)
  A salamander (D:15)
  A moth of wrath (Shoals:1)
  A black mamba (Lair:2)
  A komodo dragon (Lair:5)
  A rime drake (IceCv)
  2 yaks (IceCv)
  A redback (Spider:3)
  6 orc warriors (Orc:2)
  An orc (Orc:2)
  A butterfly (Lair:1)
27 creatures vanquished.

Vanquished Creatures (others)
  An orb spider (Spider:3)
  A harpy (Shoals:1)
  3 demonic plants (Gauntlet)
  35 fungi
  100 plants
  14 withered plants (Gauntlet)
154 creatures vanquished.

Grand Total: 1009 creatures vanquished

Notes
Turn   | Place    | Note
-------+----------+-------------------------------------------
     0 | D:1      | freelancePsychic the Minotaur Berserker began the quest for
                  | the Orb.
     0 | D:1      | Reached XP level 1. HP: 19/19 MP: 0/0
   323 | D:1      | Reached skill level 4 in Axes
   331 | D:1      | Reached XP level 2. HP: 27/27 MP: 1/1
   564 | D:1      | Reached ** piety under Trog
   833 | D:1      | Reached XP level 3. HP: 29/33 MP: 2/2
  1249 | D:2      | Reached skill level 5 in Axes
  2147 | D:3      | Noticed Natasha
  2300 | D:2      | Killed Natasha
  2301 | D:2      | Reached XP level 4. HP: 41/41 MP: 3/3
  2322 | D:3      | Noticed Sigmund
  2327 | D:3      | Noticed Ijyb
  2332 | D:3      | Killed Sigmund
  2333 | D:3      | Reached skill level 5 in Fighting
  2333 | D:3      | Reached skill level 6 in Axes
  2333 | D:3      | Reached XP level 5. HP: 48/48 MP: 4/4
  2334 | D:3      | Killed Ijyb
  2335 | D:3      | Reached skill level 7 in Axes
  2335 | D:3      | Reached XP level 6. HP: 56/56 MP: 5/5
  2433 | D:3      | Noticed Grinder
  2445 | D:3      | Killed Grinder
  2446 | D:3      | Reached skill level 8 in Axes
  2656 | D:3      | Reached XP level 7. HP: 62/63 MP: 6/6
  2890 | D:3      | Found a white marble altar of Elyvilon.
  2890 | D:3      | Found an ancient bone altar of Kikubaaqudgha.
  3092 | D:3      | Found a runed translucent door.
  3093 | D:3      | Noticed Crazy Yiuf
  3110 | D:3      | Killed Crazy Yiuf
  3437 | D:4      | Noticed Menkaure
  3446 | D:4      | Killed Menkaure
  3447 | D:4      | Reached skill level 1 in Throwing
  3613 | D:4      | Reached skill level 9 in Axes
  3775 | D:4      | Noticed Robin
  3781 | D:4      | Killed Robin
  3781 | D:4      | Reached *** piety under Trog
  4280 | D:5      | Entered Level 5 of the Dungeon
  4561 | D:5      | Found Zin's Purification Station.
  4565 | D:5      | Found a glowing silver altar of Zin.
  4574 | D:5      | Reached XP level 8. HP: 59/73 MP: 7/7
  5320 | D:5      | Reached skill level 10 in Axes
  5387 | D:6      | Found Kuig's Book Shop.
  5705 | D:6      | Noticed Blork the orc
  5713 | D:6      | Killed Blork the orc
  5722 | D:6      | Reached skill level 11 in Axes
  5723 | D:6      | Reached **** piety under Trog
  5735 | D:6      | Reached XP level 9. HP: 75/82 MP: 8/8
  5759 | D:6      | Noticed Pikel
  5764 | D:6      | Killed Pikel
  5765 | D:6      | Reached skill level 12 in Axes
  5857 | D:6      | Found a runed translucent gate.
  5858 | D:6      | Found a runed translucent gate.
  5859 | D:6      | Found a runed translucent gate.
  5986 | D:6      | Found an iron altar of Okawaru.
  6175 | D:6      | Noticed dolemite99's ghost (amateur DsBe)
  6395 | D:6      | Killed dolemite99's ghost
  6650 | D:7      | Found a staircase to the Ecumenical Temple.
  6936 | D:7      | Reached skill level 13 in Axes
  7594 | D:8      | Reached XP level 10. HP: 93/93 MP: 9/9
  7774 | D:8      | Reached skill level 10 in Fighting
  7848 | D:8      | Noticed Erica
  7865 | D:8      | Killed Erica
  7900 | D:8      | Found a bloodstained altar of Trog.
  8067 | D:8      | Found a broken altar of Ashenzari.
  8538 | D:9      | Reached skill level 5 in Armour
  8646 | D:9      | Noticed a two-headed ogre
  8653 | D:9      | Killed a two-headed ogre
  8927 | D:9      | Reached skill level 5 in Bows
  9334 | D:10     | Entered Level 10 of the Dungeon
  9334 | D:10     | Noticed a gargoyle
  9339 | D:10     | Killed a gargoyle
  9658 | D:10     | Found a hide-covered altar of Uskayaw.
  9713 | D:10     | Noticed a skeletal warrior
  9716 | D:10     | Noticed a skeletal warrior
  9717 | D:10     | Noticed a skeletal warrior
  9767 | D:9      | Killed a skeletal warrior
  9768 | D:9      | Reached XP level 11. HP: 100/104 MP: 10/10
  9910 | D:9      | Killed a skeletal warrior
  9967 | D:10     | Killed a skeletal warrior
 10156 | D:10     | Noticed a two-headed ogre
 10157 | D:10     | Reached skill level 1 in Crossbows
 10162 | D:10     | Killed a two-headed ogre
 10409 | D:10     | Found a shimmering altar of Xom.
 10416 | D:10     | Found a stormy altar of Qazlal.
 10636 | D:10     | Found a hazy altar of Hepliaklqana.
 10712 | D:10     | Found a glowing golden altar of the Shining One.
 11161 | D:11     | Reached skill level 5 in Crossbows
 11286 | D:11     | Found a staircase to the Lair.
 11674 | D:11     | Noticed a boulder beetle
 11684 | D:11     | Noticed a two-headed ogre
 11699 | D:11     | Killed a two-headed ogre
 11700 | D:11     | Killed a boulder beetle
 12026 | D:11     | Found Ycrasi's Armour Boutique.
 12108 | D:11     | Found a white marble altar of Elyvilon.
 12738 | D:11     | Found a staircase to the Orcish Mines.
 13064 | D:12     | Found Mitybroa's Book Shop.
 13153 | D:12     | Found a blossoming altar of Fedhas.
 13212 | D:12     | Found a frozen archway.
 13338 | IceCv    | Entered an ice cave
 13368 | IceCv    | Reached XP level 12. HP: 88/115 MP: 11/11
 13533 | IceCv    | Reached skill level 14 in Axes
 13982 | IceCv    | Noticed an ironbound frostheart
 13982 | IceCv    | Noticed an ironbound frostheart
 14014 | IceCv    | Reached skill level 15 in Axes
 14028 | IceCv    | Killed an ironbound frostheart
 14536 | IceCv    | Reached skill level 16 in Axes
 14779 | IceCv    | Noticed a death yak
 14797 | IceCv    | Killed a death yak
 14798 | IceCv    | Reached skill level 10 in Crossbows
 15106 | IceCv    | Killed an ironbound frostheart
 15271 | D:12     | Noticed a two-headed ogre
 15275 | D:12     | Killed a two-headed ogre
 15550 | D:12     | Noticed Rupert
 15560 | D:12     | Killed Rupert
 16156 | D:13     | Reached XP level 13. HP: 119/125 MP: 12/12
 16284 | D:13     | Reached skill level 15 in Fighting
 16494 | Lair:1   | Entered Level 1 of the Lair of Beasts
 16666 | Lair:1   | Reached skill level 17 in Axes
 18380 | Lair:2   | Found a gate leading to a gauntlet.
 18390 | Gauntlet | Entered a Gauntlet
 18390 | Gauntlet | Found a transporter.
 18400 | Gauntlet | Found a transporter.
 18415 | Gauntlet | Found a transporter.
 18420 | Gauntlet | Found a transporter.
 18439 | Gauntlet | Found a transporter.
 18454 | Gauntlet | Found a transporter.
 18466 | Gauntlet | Found a transporter.
 18466 | Gauntlet | Noticed a blizzard demon
 18478 | Gauntlet | Found a transporter.
 18479 | Gauntlet | Noticed a quicksilver ooze
 18490 | Gauntlet | Found a transporter.
 18502 | Gauntlet | Found a transporter.
 18519 | Gauntlet | Found a transporter.
 18536 | Gauntlet | Found a transporter.
 18538 | Gauntlet | Found a transporter.
 18761 | Gauntlet | Found a transporter.
 18762 | Gauntlet | Found a transporter.
 18764 | Gauntlet | Found a transporter.
 18773 | Gauntlet | Found a transporter.
 18782 | Gauntlet | Found a transporter.
 18825 | Gauntlet | Identified the +0 scale mail "Umadgh" {rElec Dex-3 SInv}
 18871 | Gauntlet | Killed a quicksilver ooze
 18872 | Gauntlet | Reached skill level 18 in Axes
 18911 | Gauntlet | Identified the +0 hat of Yttigook {rPois}
 18952 | Gauntlet | Identified the +6 scale mail of the Kettle-Drum {Regen+}
 18952 | Gauntlet | Noticed a minotaur
 18964 | Gauntlet | Killed a minotaur
 18965 | Gauntlet | Reached skill level 10 in Armour
 19283 | Lair:2   | Found a staircase to the Shoals.
 19771 | Lair:3   | Reached skill level 1 in Evocations
 20655 | Lair:4   | Reached skill level 19 in Axes
 20699 | Lair:4   | Reached XP level 14. HP: 116/138 MP: 13/13
 20814 | Lair:4   | Found a hole to the Spider Nest.
 21081 | Lair:4   | Reached ***** piety under Trog
 21117 | Lair:4   | Reached skill level 5 in Dodging
 22120 | Lair:5   | Found a staircase to the Slime Pits.
 22362 | Lair:6   | Entered Level 6 of the Lair of Beasts
 22649 | Lair:6   | Reached skill level 5 in Evocations
 22839 | Lair:6   | Identified the +7 falchion of Disorder {vorpal, Dex+4}
 22869 | Lair:6   | Received a gift from Trog
 23008 | Lair:6   | Reached skill level 20 in Axes
 23109 | Lair:6   | Found a runed translucent door.
 23110 | Lair:6   | Noticed MolotovDodgeball's ghost (journeyman TrBr)
 23142 | Lair:6   | Killed MolotovDodgeball's ghost
 23144 | Lair:6   | Identified the +6 great sword of Disharmony {vorpal, rN+}
 24304 | Orc:1    | Entered Level 1 of the Orcish Mines
 24318 | Orc:1    | Received a gift from Trog
 24319 | Orc:1    | Reached XP level 15. HP: 124/148 MP: 14/14
 24508 | Orc:2    | Entered Level 2 of the Orcish Mines
 24646 | Orc:2    | Noticed Nessos
 24650 | Orc:2    | Noticed Nessos
 24650 | Orc:2    | Nessos changed into Nessos the troll
 24657 | Orc:2    | Killed Nessos the troll
 25075 | Orc:2    | Found a staircase to the Elven Halls.
 25180 | Orc:2    | Found Yqihif's Jewellery Boutique.
 25180 | Orc:2    | Found Tenuuf's Magic Scroll Shoppe.
 25182 | Orc:2    | Found Hiun's Book Emporium.
 25184 | Orc:2    | Found Wyiveututy's Antique Weapon Shop.
 25188 | Orc:2    | Bought the amulet "Ofexkug" {Will+ Regen+ Str+4} for 612
                  | gold pieces
 25194 | Orc:2    | Bought a scroll of blinking for 112 gold pieces
 25204 | Orc:2    | Bought a scroll of magic mapping for 52 gold pieces
 25204 | Orc:2    | Bought a scroll of immolation for 52 gold pieces
 25204 | Orc:2    | Bought a scroll of enchant armour for 112 gold pieces
 25204 | Orc:2    | Bought a scroll of identify for 30 gold pieces
 25204 | Orc:2    | Bought a scroll of summoning for 142 gold pieces
 25204 | Orc:2    | Bought a scroll of fog for 30 gold pieces
 25204 | Orc:2    | Bought a scroll of fog for 30 gold pieces
 25864 | D:13     | Found a gate to the Vaults.
 26088 | D:14     | Found a radiant altar of Vehumet.
 27151 | D:15     | Entered Level 15 of the Dungeon
 27160 | D:15     | Received a gift from Trog
 27400 | D:15     | Found a staircase to the Depths.
 27880 | D:15     | Reached skill level 10 in Dodging
 28414 | Spider:1 | Entered Level 1 of the Spider Nest
 28872 | Spider:2 | Reached XP level 16. HP: 158/159 MP: 15/15
 29508 | Spider:3 | Identified Roxanne's Disquisition on Moulding
 29508 | Spider:3 | Noticed Roxanne
 29808 | Spider:1 | Noticed Aizul
 29824 | Spider:1 | Killed Aizul
 30629 | Spider:3 | Received a gift from Trog
 31871 | Lair:4   | Identified the +8 dagger "Futi" {chaos, SInv}
 31947 | Shoals:1 | Entered Level 1 of the Shoals
 32081 | Shoals:1 | Found Xunuat's Assorted Antiques.
 32101 | Shoals:1 | Identified the +0 scale mail "Kemyipp" {Will++}
 32106 | Shoals:1 | Found a bloodstained altar of Trog.
 32107 | Shoals:1 | Noticed arthad's ghost (adept VSFi)
 32130 | Shoals:1 | Found a transporter.
 32136 | Shoals:1 | Found a transporter.
 32177 | Shoals:1 | Reached skill level 15 in Crossbows
 32185 | Shoals:1 | Noticed Jorgrun
 32187 | Shoals:1 | Noticed Nikola
 32189 | Shoals:1 | Noticed Frances
 32221 | Shoals:1 | Demolished by a merfolk impaler

Illustrated notes

Levels and vault maps discovered:
D:1:      zelgadis_glass_arrival_small, layout_rooms,
          chequers_ecumenical_altar_simple_redux, minmay_bisected
D:2:      layout_loops_corners, minivault_14, minmay_tiny_reverse_x
D:3:      layout_rooms, gammafunk_temple_overflow_elements, serial_corexii_hall,
          chequers_hall_statues_y, chequers_hall_statues_y, dk_noncrumbling_4,
          uniq_natasha, uniq_sigmund, uniq_ijyb, uniq_grinder,
          uniq_crazy_yiuf_cottage
D:4:      layout_layer_cave, kennysheep_path_1, uniq_robin, uniq_menkaure
D:5:      layout_loops_ring, zin_purify
D:6:      layout_cave_pools, okawaru_ov_weapons_minmay,
          biasface_ghost_orc_armoury, serial_shops, nicolae_stop_n_shop_2,
          uniq_pikel, uniq_blork_the_orc
D:7:      layout_cave_pools, minmay_temple_entry_large_hall
D:8:      layout_cave_pools, mainiacjoe_overflow_six_doors_small,
          nicolae_overflow_crystal_walls, minmay_small_thing, uniq_erica
D:9:      layout_small_grid
D:10:     layout_irregular_city, tso_oasis_becter,
          eat_drink_and_be_merry_uskayaw, amethyst_overflow_temple_binary,
          nicolae_hepliaklqana_hazy_memory, minmay_between
D:11:     layout_basic, erik_lair_dragon, serial_co_window_serial,
          co_window_paths_a, co_window_paths_a, co_window_paths_b,
          co_window_cross_1, co_window_corner_a, co_window_corner_a,
          co_window_paths_a, co_window_cross_2, co_window_2corner,
          co_window_of_opportunity_b, co_window_sun, co_window_paths_d,
          glass_columns_a, glass_columns_a, glass_columns_c, serial_shops, shop,
          elyvilon_altar_5
D:12:     layout_roguey, portal_ice_cave_entry_imps,
          amcnicky_mini_corridor_feature, nicolae_inconvenience_store,
          fedhas_altar_2, uniq_rupert
D:13:     layout_small_grid, david_vaults_1, abandoned_shop
D:14:     minmay_cut_squares, layout_basic, nicolae_vehumet_radiance,
          nicolae_water_bricks
D:15:     hangedman_depths_entry_try_elsewhere_first, layout_long_grid,
          minmay_misc_feat_diagonals
Lair:1:   layout_regular_city, serial_bayou, serial_bayou_lagoon_a,
          serial_bayou_pond_d, serial_bayou_crossing, serial_bayou_lagoon_b,
          serial_bayou_shore_a, serial_bayou_shore_b, lemuel_fruit_fields,
          grunt_megastairs_3
Lair:2:   layout_chaotic_city, shoals_dummy_entry, gauntlet_entry_generic,
          grunt_megastairs_1
Lair:3:   layout_gridlike, kennysheep_rathole
Lair:4:   layout_roguey [special_room_bee], spider_nest_entry_webs
Lair:5:   layout_cave_pods, nicolae_slime_entry_slimehenge,
          infiniplex_staircase_pool_2, lemuel_fruit_fields
Lair:6:   minmay_lair_end_frog_pond, layout_layer_cave, gammafunk_ghost_grave,
          serial_bayou_shore_b, grunt_megastairs_5
Shoals:1: layout_shoals, serial_shops, shop, gammafunk_ghost_wrathful_warriors,
          uniq_jorgrun, uniq_nikola, uniq_frances
Spider:1: layout_spider_delve, uniq_aizul
Spider:2: layout_spider_delve, nicolae_spider_nooks_and_crannies
Spider:3: layout_spider_delve, spiders_nest_ghost_moth_duel,
          hangedman_spider_tarantella_strand, uniq_roxanne
Orc:1:    layout_diamond_mine
Orc:2:    st_orc_rangers, layout_diamond_mine, dreamdust_deal_with_the_devil,
          uniq_nessos

Skill      XL: |  1  2  3  4  5  6  7  8  9 10 11 12 13 14 15 16 |
---------------+-------------------------------------------------+-----
Axes           | 4 5 6 7 8 9 11 13 16 19 20 | 20.0
Fighting       | 4 5 6 7 8 9 11 13 14 16 17 18 19 | 19.7
Throwing       | 2 4 |  4.2
Armour         | 4 7 8 10 11 | 11.8
Bows           | 5 6 |  6.4
Crossbows      | 7 10 12 15 | 15.0
Evocations     | 3 6 7 |  7.8
Dodging        | 4 8 10 | 10.6

Action                   |  1- 3 |  4- 6 |  7- 9 | 10-12 | 13-15 | 16-18 || total
-------------------------+-------+-------+-------+-------+-------+-------++-------
Melee: Hand axe          |    49 |       |       |       |       |       ||    49
       Headbutt          |    12 |     3 |    44 |   145 |   204 |    81 ||   489
       Punch             |     1 |       |       |       |       |       ||     1
       War axe           |    37 |    29 |   222 |   413 |       |       ||   701
       Unarmed           |       |       |    13 |       |       |       ||    13
       Battleaxe         |       |       |       |    16 |   878 |   333 ||  1227
 Fire: Hand crossbow     |       |       |       |       |    41 |       ||    41
       Arbalest          |       |       |       |       |    61 |    20 ||    81
Throw: Dart              |       |       |     3 |     9 |     9 |       ||    21
Invok: Berserk           |     1 |     2 |     6 |    16 |    13 |     1 ||    39
       Trog's Hand       |       |     1 |     1 |     6 |     6 |     4 ||    18
       Brothers in Arms  |       |       |       |     5 |     7 |     2 ||    14
Evoke: Wand              |       |       |       |     3 |    15 |     8 ||    26
       Condenser vane    |       |       |       |       |     2 |     1 ||     3
       Phial of floods   |       |       |       |       |     1 |     1 ||     2
       Phantom mirror    |       |       |       |       |     1 |       ||     1
 Stab: Sleeping          |     1 |       |       |       |       |       ||     1
       Confused          |       |       |       |     1 |       |       ||     1
       Distracted        |       |       |       |       |     1 |       ||     1
       Petrifying        |       |       |       |       |     1 |       ||     1
       Petrified         |       |       |       |       |     1 |       ||     1
       Paralysed         |       |       |       |       |       |     5 ||     5
Armor: Animal skin       |    17 |     7 |     5 |       |       |       ||    29
       Chain mail        |       |       |   103 |    15 |       |       ||   118
       Plate armour      |       |       |       |   214 |    96 |       ||   310
       Scale mail        |       |       |       |       |   416 |   225 ||   641
Dodge: Dodged            |    55 |    19 |    87 |   161 |   586 |   289 ||  1197
